Map: Para Site LE

Players

Vond

  • Race: Zerg Zerg
  • Spawn Location: 5:00

Trollkemada - Winner!

  • Race: Protoss Protoss
  • League: Diamond
  • Spawn Location: 11:00

VOD

Have the link to the VOD?

Description

Time

  • Played on: Sept. 26, 2018, 4:59 p.m.
  • Length: 16:41
Show
View Real Time Build Order
Export as new Build Order

Vond Zerg 

Build Orders: Hatch First 

Get SALT Encoding   

  12  0:01  Drone  
  13  0:13  Overlord  
  13  0:17  Drone  
  14  0:32  Drone  
  14  0:33  Drone  
  16  0:50  Hatchery  
  16  0:52  Drone  
  16  0:55  Drone  
  17  0:59  Drone  
  18  1:10  Extractor  
  17  1:16  Spawning Pool  
  17  1:17  Drone  
  17  1:21  Drone  
  18  1:29  Drone  
  19  1:40  Drone  
  20  1:50  Overlord  
  20  2:02  Queen  
  20  2:03  Queen, Zergling x2  
  20  2:04  Zergling x2  
  26  2:14  Metabolic Boost  
  26  2:16  Drone x2  
  28  2:26  Drone x2  
  30  2:39  Hatchery  
  29  2:46  Queen  
  29  2:48  Overlord  
  31  2:52  Drone  
  31  2:53  Drone  
  31  2:55  Drone  
  34  3:06  Drone x2  
  34  3:09  Overlord x2  
  36  3:21  Drone x4  
  40  3:28  Spore Crawler  
  40  3:30  Spore Crawler  
  40  3:34  Drone x2  
  40  3:46  Drone x2  
  42  3:49  Queen  
  42  3:51  Queen  
  42  3:52  Drone  
  47  3:57  Lair  
  47  4:02  Roach Warren  
  47  4:03  Drone x2  
  47  4:04  Drone, Evolution Chamber  
  48  4:10  Spore Crawler  
  48  4:12  Drone x3  
  48  4:14  Drone  
  51  4:29  Extractor  
  50  4:39  Drone x5  
  50  4:44  Extractor  
  54  4:52  Drone x3  
  57  4:53  Drone  
  57  4:56  Overlord x2  
  57  4:57  Overlord x4  
  58  5:00  Zerg Missile Weapons Level 1  
  58  5:16  Pneumatized Carapace  
  58  5:19  Overseer  
  58  5:33  Spore Crawler  
  57  5:39  Roach x7  
  71  5:48  Extractor  
  71  5:49  Drone x14  
  84  5:50  Extractor  
  83  6:18  Glial Reconstitution  
  83  6:23  Roach  
  83  6:24  Roach x10  
  104  6:27  Overlord x2  
  104  6:38  Hydralisk Den  
  104  6:39  Hatchery  
  102  6:45  Hatchery  
  101  7:14  Hydralisk  
  101  7:15  Hydralisk x9, Muscular Augments  
  103  7:19  Overlord  
  103  7:20  Overlord x7  
  121  7:44  Hydralisk x8  
  100  8:07  Spire  
  99  8:26  Grooved Spines  
  99  8:32  Drone x4  
  99  8:33  Drone x2  
  99  8:34  Drone x2  
  107  8:46  Hydralisk x11  
  129  8:49  Hydralisk  
  129  8:54  Extractor  
  129  8:55  Extractor x2  
  128  9:02  Zerg Missile Weapons Level 2  
  128  9:18  Hydralisk x4  
  128  9:19  Hydralisk  
  100  9:46  Corruptor  
  100  9:47  Corruptor x4  
  102  10:03  Drone x3  
  102  10:04  Drone x6  
  102  10:05  Hydralisk  
  102  10:06  Hydralisk x8  
  129  10:07  Hydralisk  
  131  10:36  Zerg Flyer Weapons Level 1, Corruptor  
  131  10:37  Corruptor x4  
  131  10:39  Corruptor  
  143  10:58  Corruptor  
  143  10:59  Corruptor x3  
  151  11:19  Corruptor  
  151  11:20  Corruptor x3  
  151  11:24  Zergling x2  
  151  11:25  Zergling x48  
  184  11:40  Corruptor  
  184  11:42  Corruptor  
  184  11:45  Overlord  
  188  11:47  Hatchery  
  188  11:48  Overlord  
  157  12:15  Corruptor x2  
  124  12:16  Corruptor x5  
  104  12:24  Corruptor  
  104  12:25  Corruptor x2  
  108  12:42  Corruptor  
  108  12:43  Corruptor x4  
  118  12:46  Corruptor  
  119  12:54  Corruptor x2  
  122  13:04  Corruptor x3  
  122  13:07  Corruptor  
  124  13:17  Drone x6  
  124  13:19  Zerg Flyer Weapons Level 2  
  130  13:31  Corruptor x3  
  136  13:34  Corruptor  
  138  13:43  Zergling x14  
  138  13:44  Zergling x2  
  138  13:45  Zergling x2  
  147  13:49  Roach  
  147  13:50  Roach x2  
  147  13:52  Roach  
  155  14:11  Zergling x30  
  155  14:12  Zergling x2  
  155  14:13  Zergling x2  
  155  14:14  Zergling x2  
  155  14:15  Zergling x2  
  174  14:18  Corruptor  
  174  14:21  Corruptor  
  178  14:29  Hydralisk x3  
  178  14:30  Hydralisk  
  186  14:32  Hydralisk  
  186  14:34  Hydralisk  
  190  14:49  Hydralisk x5  
  200  15:32  Extractor x2  
  142  15:53  Corruptor  
  142  15:54  Corruptor x18  
  142  15:55  Corruptor  
  172  15:58  Corruptor  
Show
View Real Time Build Order
Export as new Build Order

Trollkemada Protoss - Winner!

Build Orders: 1 Gate Expand, Carrier Rush 

Get SALT Encoding   

  12  0:01  Probe  
  13  0:14  Probe  
  14  0:26  Probe  
  15  0:28  Pylon  
  15  0:46  Probe  
  16  0:50  Gateway  
  16  1:09  Nexus  
  16  1:14  Assimilator  
  16  1:32  Probe  
  16  1:38  Zealot  
  19  1:40  Probe  
  19  1:45  Assimilator  
  20  1:48  Probe  
  20  1:52  Cybernetics Core  
  21  2:00  Probe  
  22  2:06  Pylon  
  22  2:12  Probe  
  23  2:15  Zealot  
  23  2:20  Probe  
  23  2:21  Probe  
  25  2:28  Probe  
  25  2:29  Probe  
  29  2:38  Probe, Adept  
  29  2:40  Probe  
  33  2:50  Probe  
  34  2:52  Probe  
  34  2:53  Pylon  
  35  2:59  Stargate  
  35  3:02  Probe  
  35  3:04  Probe  
  37  3:08  Assimilator  
  37  3:12  Probe  
  37  3:13  Stalker  
  37  3:15  Probe  
  41  3:20  Probe  
  41  3:26  Pylon  
  43  3:27  Probe  
  43  3:28  Probe  
  44  3:36  Probe  
  44  3:39  Probe  
  44  3:41  Assimilator  
  46  3:46  Probe  
  46  3:49  Fleet Beacon  
  46  3:51  Probe  
  46  3:52  Adept  
  50  3:58  Probe  
  51  4:03  Probe  
  51  4:06  Pylon  
  52  4:10  Probe  
  53  4:21  Stargate  
  53  4:22  Pylon  
  53  4:25  Stargate, Cybernetics Core  
  53  4:38  Shield Battery  
  53  4:40  Shield Battery  
  53  4:42  Forge  
  53  4:51  Nexus  
  53  4:52  Carrier  
  53  4:53  Probe  
  54  5:01  Carrier  
  66  5:20  Pylon  
  66  5:32  Photon Cannon  
  66  5:34  Probe x2  
  68  5:41  Carrier  
  74  5:46  Probe, Assimilator  
  75  5:50  Assimilator  
  75  5:52  Pylon  
  75  5:56  Pylon  
  75  5:59  Probe  
  75  6:00  Probe  
  75  6:03  Probe  
  77  6:07  Probe  
  77  6:08  Probe  
  79  6:11  Probe  
  79  6:16  Probe  
  79  6:17  Probe  
  79  6:18  Carrier  
  89  6:26  Carrier  
  89  6:29  Graviton Catapult  
  89  6:32  Probe  
  96  6:39  Probe  
  98  6:40  Probe  
  98  6:41  Protoss Air Weapons Level 1  
  98  6:44  Probe  
  99  6:48  Pylon  
  99  7:07  Carrier  
  105  7:16  Protoss Air Armor Level 1  
  99  7:43  Probe x2, Carrier  
  107  7:57  Nexus  
  106  8:10  Pylon  
  106  8:13  Pylon  
  106  8:24  Protoss Air Weapons Level 2  
  106  8:31  Probe x2  
  106  8:32  Pylon  
  106  8:34  Protoss Shields Level 1  
  108  8:49  Shield Battery, Carrier  
  108  8:51  Shield Battery  
  114  8:56  Photon Cannon  
  114  9:02  Carrier  
  114  9:03  Photon Cannon  
  114  9:05  Photon Cannon  
  114  9:08  Carrier  
  114  9:09  Photon Cannon  
  126  9:14  Photon Cannon  
  126  9:17  Protoss Air Armor Level 2, Photon Cannon  
  126  9:42  Twilight Council  
  126  9:46  Pylon  
  126  9:48  Pylon  
  126  9:51  Pylon  
  126  9:59  Pylon  
  126  10:05  Carrier, Pylon  
  126  10:08  Photon Cannon x2  
  126  10:10  Photon Cannon  
  126  10:14  Photon Cannon  
  132  10:28  Protoss Shields Level 2  
  132  10:33  Photon Cannon  
  132  10:34  Carrier  
  138  10:36  Photon Cannon  
  138  10:38  Photon Cannon  
  138  10:43  Carrier  
  144  11:00  Robotics Facility  
  144  11:13  Pylon  
  144  11:18  Pylon  
  144  11:24  Carrier  
  144  11:25  Pylon  
  144  11:27  Pylon x2  
  150  11:47  Assimilator  
  150  11:49  Carrier  
  150  11:51  Nexus  
  149  11:59  Carrier  
  128  12:39  Observer  
  128  12:42  Mothership  
  137  12:46  Protoss Air Weapons Level 3  
  137  12:47  Void Ray  
  141  12:53  Protoss Air Armor Level 3  
  141  12:54  Nexus  
  140  13:01  Protoss Shields Level 3  
  140  13:08  Void Ray  
  140  13:14  Carrier  
  144  13:20  Void Ray  
  154  13:45  Assimilator  
  154  13:48  Void Ray  
  154  13:49  Pylon  
  154  13:52  Pylon  
  158  13:55  Pylon  
  158  13:58  Pylon  
  158  14:02  Void Ray  
  162  14:31  Void Ray  
  166  14:40  Void Ray  
  166  14:45  Void Ray  
  166  15:53  Probe  
  166  15:54  Probe  
  166  15:55  Void Ray  
  186  16:28  Assimilator  
Tags
 
Add a new tag
Caveats
  • Supply blocks, unpowered buildings, or Contaminate may cause inaccurate times.
  • Supply counts are checked every 10 seconds.